 Dungeon Crawl Stone Soup version 0.31-a0-986-g5e6e4ef867 (webtiles) character file.

Game seed: 673322817413804682

2594 grandjackal the Purveyor of Pain (level 9, 0/60 (72) HPs)
             Began as a Demonspawn Gladiator on Nov 18, 2023.
             Was an Initiate of Kikubaaqudgha.
             Slain by a wight
             ... wielding a +0 war axe
              (2 damage)
             ... on level 7 of the Dungeon.
             The game lasted 00:08:52 (5082 turns).

grandjackal the Purveyor of Pain (DsGl)             Turns: 5082, Time: 00:08:53

HP:   0/60 (72)     AC: 12    Str: 16    XL:     9   Next: 33%
MP:   9/9           EV: 11    Int: 13    God:    Kikubaaqudgha [......]
Gold: 307           SH:  0    Dex: 14    Spells: 7/8 levels left

rFire   . . .        a - +0 long sword
rCold   . . .        (no shield)
rNeg    . . .        F - +1 ring mail {rPois}
rPois   +            c - +0 helmet
rElec   .            B - +0 cloak
rCorr   .            l - +0 pair of gloves
SInv    .            p - +2 pair of boots
Will    .....        o - amulet of regeneration
Stlth   +            (no ring)
HPRegen 1.10/turn    (no ring)
MPRegen 0.11/turn

%: no passive effects
@: heavily drained
A: hooves 2, spiny 1, demonic magic 1
a: Renounce Religion


You were on level 7 of the Dungeon.
You worshipped Kikubaaqudgha.
Kikubaaqudgha was noncommittal.
You visited 2 branches of the dungeon, and saw 8 of its levels.

You collected 307 gold pieces.

Inventory:

Hand Weapons
 a - a +0 long sword (weapon)
 f - a +0 dagger of venom
Missiles
 d - a throwing net
 e - a javelin
 k - 14 boomerangs (quivered)
Armour
 c - a +0 helmet (worn)
 l - a +0 pair of gloves (worn)
 p - a +2 pair of boots (worn)
 B - a +0 cloak (worn)
 F - a +1 ring mail of poison resistance (worn)
Magical Staves
 D - the staff "Ajuubogi" {rElec rPois rC+ Ice}
   (You found it on level 6 of the Dungeon)

   [staff of cold]

   Base accuracy: +5 Base damage: 5 Base attack delay: 1.2 This weapon's minimum
   attack delay (0.6) is reached at skill level 12.
   rC+:       It protects you from cold.
   rElec:     It insulates you from electricity.
   rPois:     It protects you from poison Ice: It increases the power of your
   Ice spells.
   It falls into the 'Staves' category.
   It is a one-handed weapon.
Jewellery
 o - an amulet of regeneration (around neck)
 u - a ring of resist corrosion
Wands
 E - a wand of quicksilver (6)
Scrolls
 b - a scroll of noise {unknown}
 m - a scroll of fog {unknown}
 n - a scroll of brand weapon {unknown}
 q - a scroll of teleportation {unknown}
 r - 3 scrolls of immolation {unknown}
 s - 2 scrolls of poison {unknown}
 v - 2 scrolls of vulnerability {unknown}
 w - 3 scrolls of revelation {unknown}
 x - 2 scrolls of summoning {unknown}
 y - a scroll of blinking {unknown}
 z - a scroll of amnesia {unknown}
 A - a scroll of fear {unknown}
Potions
 h - a potion of lignification
 i - 2 potions of brilliance
 j - 3 potions of curing
 C - 2 potions of enlightenment
 G - a potion of magic {unknown}
 H - 2 potions of attraction


   Skills:
 + Level 7.3 Fighting
 - Level 5.9 Long Blades
 * Level 4.6 Staves
 - Level 2.0 Throwing
 - Level 3.0 Dodging
 + Level 7.3 Necromancy


You had 7 spell levels left.
You knew the following spells:

 Your Spells              Type           Power      Damage    Failure   Level
a - Necrotise             Necr           76%        1d7       3%          1

Your spell library contained the following spells:

 Spells                   Type           Power      Damage    Failure   Level
 Apportation              Tloc           0%         N/A       52%         1
 Summon Small Mammal      Summ           0%         N/A       52%         1
 Call Canine Familiar     Summ           0%         N/A       87%         3
 Sigil of Binding         Hex            0%         N/A       87%         3
 Dimensional Bullseye     Hex/Tloc       0%         N/A       99%         4
 Leda's Liquefaction      Hex/Erth       0%         N/A       99%         4
 Lee's Rapid Deconstruct  Erth           0%         3d4*      100%        5
 Bombard                  Conj/Erth      0%         9d1       100%        6


Dungeon Overview and Level Annotations

Branches:
Dungeon (7/15)             Temple (1/1) D:7

Altars:
Ashenzari
Cheibriados
Dithmenos
Fedhas
Gozag
Kikubaaqudgha
Makhleb
Nemelex Xobeh
Ru
Sif Muna
Trog
Wu Jian
Xom
Yredelemnul

Shops:
D:5 (


Innate Abilities, Weirdness & Mutations

You have hoof-like feet.
You are partially covered in sharp spines.
Spells you cast may paralyse adjacent enemies.


Message History

The wight is heavily damaged.
The wight misses you.
You hit the wight but do no damage.
The wight is heavily damaged.
The wight hits you but does no damage.
You hit the wight.
The wight is severely damaged.
The wight hits you with a +2 flail.
You slash the wight!
You destroy the wight!
Kikubaaqudgha accepts your kill.
No target in view!
Things that are here:
a +2 flail; a +0 robe
There is a stone staircase leading down here.
You start resting.
HP restored.
You climb downwards.
The wight hits you with a +0 war axe! The wight hits you with a +5 hand axe.
The wight is struck by your spines.
The wight hits you with a +0 great sword.
The wight is struck by your spines. The wight hits you but does no damage.
The wight misses you. The wight hits you with a +5 hand axe.
You feel drained.
There is a stone staircase leading up, spattered with blood here.
The wight is struck by your spines.
The wight hits you with a +0 great sword!
You feel drained. The wight attacks as it pursues you!
The wight hits you with a +0 war axe! The wight attacks as it pursues you!
The wight is struck by your spines. The wight hits you with a +0 war axe!
* * * LOW HITPOINT WARNING * * *
You feel drained.
* * * LOW HITPOINT WARNING * * *
The wight attacks as it pursues you! The wight hits you but does no damage.
The wight attacks as it pursues you! The wight hits you with a +0 war axe!
* * * LOW HITPOINT WARNING * * *
The wight attacks as it pursues you! The wight hits you with a +0 war axe!
* * * LOW HITPOINT WARNING * * *
The wight attacks as it pursues you! The wight hits you with a +0 war axe.
You die...
Kikubaaqudgha rasps: "You have failed me!
Welcome... death!"

#...# ##..## ##.## ##..###
#.## ##...## #..# ##...##
#..# ##...## #..# ##...#
#..# #...# ####. ##..#
#.[.# ###.... ##..##
##@.## #...... ###..##
#.z.#########...... ....##
##..#>............!. ...##
##zz................. ...#
##....................
..##
##..#..................
..##
##z.#..[........[.......
...#
##..##...................
...##
##..###..............)....


You could see 4 wights.

Vanquished Creatures
  Pikel (D:5)
  A shadow (D:6)
  Sigmund (D:6)
  Menkaure (D:5)
  2 water moccasins (D:7)
  2 sky beasts
  An ice beast (D:5)
  A centaur (D:6)
  2 scorpions
  5 wights
  A howler monkey (D:5)
  3 orc priests
  4 hounds
  Crazy Yiuf (D:5)
  A gnoll bouda (D:6)
  2 sleepcaps (D:6)
  3 iguanas (D:6)
  2 orc wizards
  Robin (D:2)
  3 gnolls (D:6)
  11 adders
  A shadow imp (D:6)
  3 white imps
  4 ufetubi
  3 worms
  4 dart slugs
  13 orcs
  8 bats
  7 endoplasms
  2 giant cockroaches
  8 goblins
  8 hobgoblins
  6 jackals
  2 quokkas (D:1)
  5 ball pythons
  3 frilled lizards (D:2)
  3 kobolds
  7 rats
136 creatures vanquished.

Notes
Turn   | Place    | Note
-------+----------+-------------------------------------------
     0 | D:1      | grandjackal the Demonspawn Gladiator began the quest for
                  | the Orb.
     0 | D:1      | Reached XP level 1. HP: 16/16 MP: 1/1
   181 | D:1      | Gained mutation: Spells you cast may paralyse adjacent
                  | enemies. [demonic ancestry]
   181 | D:1      | Reached XP level 2. HP: 22/22 MP: 2/2
   284 | D:1      | Learned a level 1 spell: Necrotise
   941 | D:2      | Reached XP level 3. HP: 28/28 MP: 3/3
  1102 | D:2      | Reached skill level 1 in Necromancy
  1178 | D:2      | Noticed Robin
  1420 | D:2      | Killed Robin
  1421 | D:2      | Gained mutation: You are partially covered in sharp spines.
                  | [demonic ancestry]
  1421 | D:2      | Reached XP level 4. HP: 24/35 MP: 4/4
  1861 | D:3      | Reached XP level 5. HP: 26/41 MP: 5/5
  2517 | D:4      | Reached XP level 6. HP: 48/48 MP: 6/6
  2608 | D:4      | Found a shadowy altar of Dithmenos.
  2886 | D:5      | Entered Level 5 of the Dungeon
  2886 | D:5      | Found Munahoez's Weapon Boutique.
  3036 | D:5      | Noticed Pikel
  3058 | D:5      | Killed Pikel
  3059 | D:5      | Reached skill level 5 in Fighting
  3059 | D:5      | Reached skill level 5 in Long Blades
  3059 | D:5      | Reached skill level 5 in Necromancy
  3059 | D:5      | Gained mutation: You have large cloven feet. [demonic
                  | ancestry]
  3059 | D:5      | Reached XP level 7. HP: 22/56 MP: 7/7
  3092 | D:5      | Gained mutation: You have hoof-like feet. [demonic
                  | ancestry]
  3092 | D:5      | Reached XP level 8. HP: 64/64 MP: 8/8
  3239 | D:5      | Noticed Menkaure
  3250 | D:5      | Killed Menkaure
  3701 | D:5      | Found a runed translucent door.
  3702 | D:5      | Noticed Crazy Yiuf
  3716 | D:5      | Killed Crazy Yiuf
  3833 | D:6      | Identified the staff "Ajuubogi" {rElec rPois rC+ Ice}
  3919 | D:6      | Reached skill level 1 in Staves
  4095 | D:6      | Noticed Sigmund
  4102 | D:6      | Killed Sigmund
  4443 | D:6      | Reached XP level 9. HP: 71/71 MP: 9/9
  4813 | D:7      | Found a staircase to the Ecumenical Temple.
  4822 | Temple   | Entered the Ecumenical Temple
  4827 | Temple   | Became a worshipper of Kikubaaqudgha
  5081 | D:7      | HP: 1/60 [wight/+0 war axe (9)]
  5082 | D:7      | Slain by a wight

Illustrated notes

Levels and vault maps discovered:
D:1:      erik_arrival_blinker_ship, layout_basic
D:2:      minmay_diamond_boxcup, layout_basic, uniq_robin
D:3:      layout_loops_ring
D:4:      layout_gridville, kennysheep_little_box
D:5:      layout_loops_cross, lemuel_round_altar, serial_glass, glass_columns_a,
          glass_columns_c, nicolae_stop_n_shop_1, minmay_misc_feat_four_crosses,
          uniq_crazy_yiuf_cottage, uniq_menkaure, uniq_pikel
D:6:      layout_loops_corners, chequers_serial_rivers_small_3, uniq_sigmund
D:7:      layout_layer_cave, gammafunk_temple_overflow_wave,
          lemuel_temple_firewalk_a
Temple:   minmay_freezing_vapour_temple

Skill      XL: |  1  2  3  4  5  6  7  8  9 |
---------------+----------------------------+-----
Throwing       | 2 |  2.0
Dodging        | 3 |  3.0
Long Blades    | 3 4 5 |  5.9
Necromancy     | 1 2 3 5 6 7 |  7.3
Fighting       | 3 4 5 6 7 |  7.3
Staves         | 3 4 |  4.6

Action                     |  1- 3 |  4- 6 |  7- 9 || total
---------------------------+-------+-------+-------++-------
  Melee: Long sword        |   128 |   145 |   163 ||   436
         Dagger            |       |     5 |       ||     5
         Punch             |       |     1 |     3 ||     4
  Throw: Throwing net      |       |     3 |     1 ||     4
         Boomerang         |       |     1 |     3 ||     4
   Cast: Necrotise         |       |     2 |       ||     2
    Use: Scroll            |       |       |     6 ||     6
         Potion            |       |       |     3 ||     3
   Stab: Sleeping          |     2 |       |       ||     2
 Armour: Leather armour    |   104 |    99 |    48 ||   251
         Ring mail         |       |       |    98 ||    98
         Skin              |       |       |    12 ||    12
  Dodge: Dodged            |    97 |    73 |    94 ||   264

Table legend: (Time is in decaauts)
 A = Elapsed time spent in this place.
 B = Non-inter-level travel time spent in this place.
 C = Inter-level travel time spent in this place.
 D = Time resting spent in this place.
 E = Time spent auto-exploring this place.
 F = Levels seen in this place.
 G = Mean time per level.
                   A        B        C        D        E       F      G
               +--------+--------+--------+--------+--------+-----+--------+
         Total |   5150 |   4904 |    246 |    274 |   3443 |   8 |  643.8 |
       Dungeon |   5140 |   4894 |    246 |    274 |   3443 |   7 |  734.3 |
        Temple |     10 |     10 |      0 |      0 |      0 |   1 |   10.0 |
               +--------+--------+--------+--------+--------+-----+--------+

Top non-repeatable levels by time:
     D:6: 966 daAuts
     D:1: 930 daAuts
     D:5: 930 daAuts
     D:4: 726 daAuts
     D:3: 650 daAuts
     D:2: 632 daAuts
     D:7: 302 daAuts
  Temple: 10 daAuts
